 Dungeon Crawl Stone Soup version 0.27-a0-1416-g941b2bd30b (webtiles) character file.

Game seed: 9973261208999820214

190 Tocho the Ruffian (level 5, -12/41 HPs)
             Began as a Draconian Transmuter on July 1, 2021.
             Mangled by an orc warrior (21 damage)
             ... on level 4 of the Dungeon.
             The game lasted 00:05:10 (2870 turns).

Tocho the Ruffian (Draconian Transmuter)            Turns: 2870, Time: 00:05:10

Health: -12/41     AC:  6    Str: 14    XL:     5   Next: 41%
Magic:  8/8        EV: 12    Int: 13    God:
Gold:   85         SH:  0    Dex: 11    Spells: 6/9 levels left

rFire    . . .     SeeInvis .     - Unarmed
rCold    . . .     Faith    .   (no shield)
rNeg     . . .     Spirit   .   (armour unavailable)
rPois    .         Reflect  .   (helmet restricted)
rElec    .         Harm     .   (no cloak)
rCorr    .         Rampage  .   (no gloves)
Will     .....                  d - +0 pair of boots
Stlth    +.........             (no amulet)
HPRegen  0.13/turn              (no ring)
MPRegen  0.11/turn              (no ring)

@: wereblooded (expiring)
A: AC +5, unfitting armour, cold-blooded
a: no special abilities


You were on level 4 of the Dungeon.
You visited 1 branch of the dungeon, and saw 4 of its levels.

You collected 85 gold pieces.

Inventory:

Hand Weapons
 j - a +0 hunting sling of freezing
Missiles
 k - 52 stones
Armour
 d - a +0 pair of boots (worn)
Wands
 f - a wand of flame (13)
 m - a wand of paralysis (10)
Scrolls
 a - a scroll of amnesia {unknown}
 b - a scroll of enchant armour {unknown}
 l - a scroll of identify {unknown}
Potions
 c - a potion of lignification {unknown}
 e - a potion of haste {unknown}
 g - a potion of curing
 h - a potion of degeneration {unknown}
 i - a potion of attraction {unknown}


   Skills:
 * Level 2.1 Fighting
 + Level 2.4 Dodging
 + Level 0.5 Stealth
 + Level 4.4 Unarmed Combat
 + Level 2.6 Spellcasting
 + Level 3.0 Transmutations


You had 6 spell levels left.
You knew the following spells:

 Your Spells              Type           Power      Damage    Failure   Level
a - Beastly Appendage     Tmut           18%        N/A       7%          1
b - Wereblood             Tmut           9%         N/A       10%         2

Your spell library contained the following spells:

 Spells                   Type           Power      Damage    Failure   Level
 Slow                     Hex            1%         N/A       36%         2
 Spider Form              Tmut/Pois      2%         N/A       36%         3
 Gell's Gravitas          Tloc           0%         N/A       58%         3
 Lesser Beckoning         Tloc           0%         N/A       58%         3
 Teleport Other           Tloc           1%         N/A       58%         3
 Vampiric Draining        Necr           0%         2d6       58%         3
 Ice Form                 Ice/Tmut       5%         N/A       77%         4
 Petrify                  Tmut/Erth      5%         N/A       77%         4


Dungeon Overview and Level Annotations

Branches:
Dungeon (4/15)
 Temple: D:4-7

Altars:
Trog

Shops:
D:3 [


Innate Abilities, Weirdness & Mutations

Your plain brown scales are hard. (AC +5)
You cannot fit into any form of body armour.
You are cold-blooded and may be slowed by cold attacks.


Message History

You miss something.
You howl as the wereblood boils in your veins!
Something hits you.
You barely miss something. Something hits you.
You miss something. Something hits you.
You hit something.
You howl as the wereblood boils in your veins!
Something barely misses you.
You punch something! You closely miss something.
Something hits you but does no damage.
You hit something.
You feel a bit better.
Reactivating autopickup.
You feel a bit more experienced.
You closely miss the goblin.
You howl as the wereblood boils in your veins!
The goblin closely misses you.
You closely miss the goblin.
You tail-slap the goblin, but do no damage.
The goblin hits you with a +0 club.
You barely miss the goblin. The goblin closely misses you.
You barely miss the goblin.
You howl as the wereblood boils in your veins!
The goblin hits you with a +0 club.
You hit the goblin.
You feel a bit better.
You kill the goblin!
Your primal bloodlust is almost over.
You barely miss the orc warrior.
The orc warrior hits you with a +0 dire flail!
You hit the orc warrior but do no damage.
You hit the orc warrior but do no damage.
The orc warrior barely misses you.
You closely miss the orc warrior.
You tail-slap the orc warrior, but do no damage.
The orc warrior hits you with a +0 dire flail!
* * * LOW HITPOINT WARNING * * *
You punch the orc warrior!
The orc warrior is moderately wounded.
The orc warrior hits you with a +0 dire flail!!
Ouch! That really hurt!
You die...

#..######
#.gooo@.#
#..o###.#
#. #...#
#..<#
#####


You could see an orc warrior, 3 orcs and a goblin.

Vanquished Creatures
  Natasha (thrice) (D:2)
  An orc wizard (D:4)
  4 adders
  5 dart slugs
  3 ball pythons
  6 endoplasms
  7 giant cockroaches
  2 goblins
  3 jackals (D:1)
  3 kobolds
  2 quokkas
  2 bats (D:1)
  A frilled lizard (D:1)
  2 rats
44 creatures vanquished.

Vanquished Creatures (others)
  4 plants (D:1)
4 creatures vanquished.

Grand Total: 48 creatures vanquished

Notes
Turn   | Place    | Note
-------+----------+-------------------------------------------
     0 | D:1      | Tocho the Draconian Transmuter began the quest for the Orb.
     0 | D:1      | Reached XP level 1. HP: 16/16 MP: 3/3
   304 | D:1      | Reached XP level 2. HP: 23/23 MP: 5/5
   307 | D:1      | Learned a level 2 spell: Wereblood
   915 | D:2      | HP: 1/23 [adder (4)]
   922 | D:2      | Reached XP level 3. HP: 19/28 MP: 2/6
  1143 | D:2      | Found a faded altar of an unknown god.
  1166 | D:2      | Noticed Natasha
  1203 | D:2      | Killed Natasha
  1449 | D:2      | Noticed Natasha
  1458 | D:2      | Killed Natasha
  1459 | D:2      | Reached skill level 4 in Unarmed Combat
  1459 | D:2      | Reached XP level 4. HP: 22/35 MP: 4/7
  1716 | D:2      | Noticed Natasha
  1728 | D:2      | Killed Natasha
  2110 | D:3      | Found Cezxazig's Armour Boutique.
  2445 | D:3      | Reached XP level 5. HP: 38/41 MP: 6/8
  2486 | D:3      | Found a bloodstained altar of Trog.
  2844 | D:4      | Noticed an orc warrior
  2870 | D:4      | Mangled by an orc warrior

Illustrated notes

Levels and vault maps discovered:
D:1:      heliophobic_arrival_enchanted_forest, layout_rooms,
          chequers_big_river, hex_intersection
D:2:      layout_basic, basic_ecumenical_altar, uniq_natasha
D:3:      layout_loops_ring, marbit_many_paths, serial_shops,
          nicolae_shop_crystal, amethyst_killhole
D:4:      layout_basic, zin_statuary, grunt_gozag_statues,
          nicolae_ossuary_entry_monument, minmay_circle_x, uniq_robin,
          uniq_blork_the_orc

Skill      XL: |  1  2  3  4  5 |
---------------+----------------+-----
Dodging        | 2 |  2.4
Unarmed Combat | 4 |  4.4
Fighting       | 2 |  2.1
Transmutations | 3 |  3.0
Stealth        | |  0.5
Spellcasting   | |  2.6

Action                   |  1- 3 |  4- 6 || total
-------------------------+-------+-------++-------
Melee: Unarmed           |    99 |    85 ||   184
       Kick              |     2 |       ||     2
       Headbutt          |     2 |       ||     2
       Tailslap          |     4 |     8 ||    12
       Punch             |     1 |     2 ||     3
 Cast: Beastly Appendage |     4 |       ||     4
       Wereblood         |    10 |    11 ||    21
  Use: Potion            |     2 |       ||     2
 Stab: Sleeping          |       |     1 ||     1
Armor: Skin              |    45 |    17 ||    62
Dodge: Dodged            |    69 |    44 ||   113

Table legend: (Time is in decaauts)
 A = Elapsed time spent in this place.
 B = Non-inter-level travel time spent in this place.
 C = Inter-level travel time spent in this place.
 D = Time resting spent in this place.
 E = Time spent auto-exploring this place.
 F = Levels seen in this place.
 G = Mean time per level.
                   A        B        C        D        E       F      G
               +--------+--------+--------+--------+--------+-----+--------+
         Total |   2871 |   2804 |     67 |    209 |   2156 |   4 |  717.8 |
       Dungeon |   2871 |   2804 |     67 |    209 |   2156 |   4 |  717.8 |
               +--------+--------+--------+--------+--------+-----+--------+

Top non-repeatable levels by time:
     D:2: 1119 daAuts
     D:1: 913 daAuts
     D:3: 809 daAuts
     D:4: 28 daAuts
